AoeStats
← Hungern625

Arabia

506136288Analyzed
1v1 RM · 19d ago on Sep 12, 2026· 29m 44s· 2 players
Game mode
Random Map
Map size
Tiny (2 player)
Population
200
Speed
Normal
Resources
Standard
Victory
Conquest
Starting age
Dark Age
Ending age
Imperial Age
RankedLock teamsTeams togetherTeam positionsShared explorationLock speedFull tech treeHidden civsTurbo modeCheats
Victory
Defeat
🇭🇰 Ethiopians · Hong Kong SAR China
1231
+16
🇰🇷 Saracens · South Korea
1221
-16
Hungern625
5:19 Loom
9:40 Feudal Age
10:22 Double-Bit Axe
12:15 Horse Collar
22:24 Castle Age
21:20 Fletching
22:25 Scale Mail Armor
22:28 Padded Archer Armor
22:35 Scale Barding Armor
24:14 Town Watch
24:50 Elite Skirmisher
25:58 Padded Archer Armor
26:57 Bloodlines
27:14 Heavy Plow
lunkan
7:00 Loom
9:56 Feudal Age
11:37 Double-Bit Axe
12:29 Horse Collar
15:33 Fletching
17:04 Padded Archer Armor
18:04 Scale Mail Armor
21:04 Wheelbarrow
24:40 Castle Age
24:40 Crossbowman
25:18 Bodkin Arrow
26:35 Leather Archer Armor
27:49 Scale Barding Armor
Connection lost

Rejoining the realm…

Still unreachable

The connection could not be restored.

Session expired

The server has moved on; the page needs a fresh start.